[Event "Teplice Open 2022"]
[Site "Teplice"]
[Date "2022.06.21"]
[Round "4.1"]
[White "Demchenko, Anton"]
[Black "Karthik Venkataraman"]
[Result "1/2-1/2"]
[ECO "A48"]
[WhiteElo "2654"]
[BlackElo "2480"]
[Annotator "TA"]
[PlyCount "92"]
[EventDate "2022.06.18"]
[EventType "swiss"]
[EventCountry "CZE"]
[SourceTitle "playchess.com"]
[Source "ChessBase"]
[SourceQuality "1"]
[TimeControl "40/5400+30:1800+30"]

1. Nf3 Nf6 2. d4 g6 3. Bf4 Bg7 4. c3 O-O 5. Nbd2 d6 6. e4 c5 7. dxc5 {[%emt 0:00:16] A48: 1 d4 Nf6 2 Nf3 g6: Torre, London and Colle Systems.} dxc5 8. h3 Nc6 9. Bb5 {[%emt 0:03:01] White is slightly better.} Na5 10. Be2 (10. O-O $14) 10... b6 $11 11. Qc2 Bb7 12. O-O {[%emt 0:04:50] [#]} Qc8 $146 ({Predecessor:} 12... Qd7 13. e5 Nd5 14. Bg3 Qc6 15. Bd3 b5 16. Rfe1 Rad8 17. h4 Qb6 18. h5 Nc7 19. hxg6 hxg6 {½-½ (41) Pilgram,K (1959)-Bujdak,P (1928) LSS email 2015}) 13. Rfe1 Rd8 (13... Nxe4 $5 14. Nxe4 Qf5 $11) 14. Bf1 Ba6 15. Bxa6 Qxa6 16. e5 Nd5 17. Bg5 Qc8 18. Qa4 h6 19. Bh4 (19. Qh4 $5 ) 19... Qc6 20. Qe4 Qe6 21. Bg3 Nc6 22. Nf1 Rd7 23. N1h2 (23. Nh4 $14) 23... Rdd8 (23... Nc7 $11) 24. Ng4 (24. Nh4 $5 ) 24... Kh7 25. Qc2 Qf5 (25... Rac8 $11) 26. Qa4 (26. Re4 $1 $14) 26... Qe6 $1 27. Re4 Kg8 28. Rae1 a6 29. Qc2 h5 30. Ngh2 Bh6 {[%emt 0:00:06] Prevents Qc1.} 31. Nf1 b5 32. Bh2 Kf8 (32... Na5 $11 {keeps the balance.}) 33. Nh4 ({White should try} 33. N1d2 $16) 33... g5 34. Nf3 Qg6 35. g4 ({White should play} 35. e6) 35... e6 36. Qe2 c4 $36 {[%emt 0:00:34][%mdl 2048] Black has some pressure.} 37. Rd1 (37. h4 $11) 37... Nf4 $1 $17 38. Rxd8+ Rxd8 39. Bxf4 gxf4 40. N1h2 Rd3 41. b3 (41. Nh4 $15 Qh7 42. N4f3) 41... Rxc3 $19 {[%emt 0:08:33] aiming for ...Rc1+.} 42. bxc4 {[%emt 0:00:29] [#]} b4 $1 43. Nh4 Qh7 44. N4f3 Qg6 (44... hxg4 $19 45. hxg4 Kg8) 45. Nh4 $17 {[%emt 0:00:07] [#]} Qg5 (45... Qg7 $1 $17 46. N4f3 Qg6) 46. N4f3 $1 $11 Qg6 {[%emt 0:01:32] Weighted Error Value: White=0.18 (very precise) /Black=0.18 (very precise)} (46... Qg7 $17) 1/2-1/2

[Event "Teplice Open 2022"]
[Site "Teplice"]
[Date "2022.06.21"]
[Round "4.2"]
[White "Fridman, Daniel"]
[Black "Vlasak, Lukas"]
[Result "1-0"]
[ECO "D31"]
[WhiteElo "2605"]
[BlackElo "2437"]
[Annotator "TA"]
[PlyCount "127"]
[EventDate "2022.06.18"]
[EventType "swiss"]
[EventCountry "CZE"]
[SourceTitle "playchess.com"]
[Source "ChessBase"]
[SourceQuality "1"]
[TimeControl "40/5400+30:1800+30"]

1. d4 d5 2. c4 e6 3. Nf3 a6 4. cxd5 exd5 5. Nc3 c6 6. Qc2 {[%emt 0:02:37] D31: Queen's Gambit Declined: Semi-Slav without ...Nf6 (+ Marshall Gambit and Noteboom) and Exchange Variation lines without ...Nf6.} Nf6 7. Bg5 Be6 8. e3 {[%emt 0:01:44] White is slightly better.} h6 9. Bf4 c5 10. dxc5 Bxc5 11. Rd1 Qe7 12. Be2 Nc6 13. O-O O-O {[%emt 0:00:21] [#]} 14. a3 $146 ({Predecessor:} 14. Ne5 Rac8 15. Nxc6 Rxc6 16. Bf3 Rd8 17. Be5 Nd7 18. Bd4 Bxd4 19. Rxd4 Ne5 20. Be2 {0-1 (33) Sjugirov,S (2680)-Warmerdam,M (2607) Chess.com INT 2022}) 14... Rac8 15. Rfe1 Rfd8 16. Nd4 Nxd4 17. exd4 Bd6 18. Bxd6 Qxd6 19. Bd3 Re8 20. h3 Bd7 21. Qd2 Rxe1+ 22. Rxe1 Re8 23. Re3 Re6 24. Rxe6 Qxe6 25. Qf4 Bc6 26. Ne2 Ne8 27. f3 Nd6 28. Kf2 Bd7 29. h4 Kf8 30. h5 Ne8 31. Qe5 f6 32. Qb8 Qb6 33. b4 Ke7 34. Ke3 Bb5 35. Nf4 Qc6 36. Bxb5 {[%emt 0:01:10] Really sharp! White is much more active.} axb5 $16 {[%emt 0:01:28][%mdl 4096] Endgame KQN-KQN} 37. Kf2 Qc2+ (37... Kd7 $1 $14) 38. Kg3 $1 Qc7 39. Qxc7+ Nxc7 {[%emt 0:00:06] KN-KN} 40. Kg4 Ne6 (40... Ke8 $16 41. Ne2 Kf7) 41. Nxd5+ $18 Kd6 (41... Kf7 $142) 42. Ne3 {[%emt 0:00:00] Kf5 is the strong threat.} Nxd4 {[%emt 0:00:18] [#]} 43. Kf4 Ke6 44. Ke4 Ne2 45. Nf5 {[%emt 0:00:00] Prevents Ng3+.} (45. g4 $16) 45... Nc3+ $11 46. Kf4 $1 Kf7 (46... Nd5+ $11 47. Kg4 g6 48. hxg6 h5+ 49. Kxh5 Kxf5) 47. Nd6+ Ke6 $2 (47... Ke7 $16 {was necessary.} 48. Nxb7 Nb1) 48. Nxb7 $18 f5 49. Nc5+ Kf6 50. Ke3 Ke5 {[%emt 0:05:00] [#]} 51. Nd3+ $2 (51. Nd7+ $1 $18 {is the precise move to win.} Kd6 52. Nb6) 51... Kd5 $16 52. Nf4+ Ke5 $2 (52... Kc4 $16 {might work better.} 53. g4 Nb1) 53. Ne2 Nb1 (53... Nd5+ {was called for.} 54. Kd2 Nc7) 54. f4+ $18 Kf6 (54... Kd5 $142 55. Kd3 Nxa3) 55. Kd4 Nxa3 56. Kc5 g6 57. Nd4 gxh5 58. Nxb5 {[%emt 0:00:06] White mates.} Nc2 59. Nd4 Ne3 60. b5 Ke7 61. b6 Kd7 62. Nb5 Kc8 63. Kc6 Kb8 64. Nc7 {[%emt 0:00:17] Weighted Error Value: White=0.10 (very precise) /Black=0.38} 1-0

[Event "Teplice Open 2022"]
[Site "Teplice"]
[Date "2022.06.21"]
[Round "4.3"]
[White "Pultinevicius, Paulius"]
[Black "Fataliyeva, Ulviyya"]
[Result "1-0"]
[ECO "D11"]
[WhiteElo "2536"]
[BlackElo "2348"]
[Annotator "TA"]
[PlyCount "69"]
[EventDate "2022.06.18"]
[EventType "swiss"]
[EventCountry "CZE"]
[SourceTitle "playchess.com"]
[Source "ChessBase"]
[SourceQuality "1"]
[TimeControl "40/5400+30:1800+30"]

1. Nf3 d5 2. g3 Bg4 3. Bg2 Nd7 4. d4 e6 5. O-O Ngf6 6. c4 c6 7. b3 Bd6 8. Bb2 Bxf3 9. Bxf3 Qe7 {[%emt 0:00:33] D11: Slav Defence: 3 Nf3 sidelines and 3...Nf6 4 e3 Bg4.} 10. a3 Rd8 11. Nc3 O-O {[%emt 0:02:43] [#] White is slightly better.} 12. Bg2 $146 ({Predecessor:} 12. Qc2 Bb8 13. Rfe1 dxc4 14. bxc4 e5 15. e3 Rfe8 16. Qb3 e4 17. Bg2 Nf8 18. Rab1 {1-0 (47) Zaragatski,I (2497)-Bernink,H (2224) Netherlands 2013}) 12... Rfe8 (12... dxc4 $11 13. bxc4 e5) 13. e3 $14 Bb8 14. Re1 Nb6 15. a4 Nbd7 16. Ba3 Bd6 17. c5 Bc7 18. f4 h6 19. b4 e5 20. fxe5 {[%emt 0:12:16] White is more active.} Nxe5 21. dxe5 Bxe5 22. Qc1 (22. Rc1 $16) 22... d4 (22... h5 $11) 23. Nd1 (23. Ne2 $16 dxe3 24. Rb1) 23... Ng4 (23... h5 $1 $11 {was preferrable.}) 24. Ra2 $1 dxe3 {[%emt 0:05:48][%cal Oe3e2] ...e2! is the strong threat.} 25. Rae2 $1 {[%emt 0:04:43] Strongly threatening Bb2.} (25. Nxe3 $2 Bd4 26. Kh1 Bxe3 $19) 25... Qc7 $1 {[%emt 0:08:00] And now ...Rd3 would win.} 26. Rf1 (26. Nxe3 $14 Bd4 27. Bb2 $1 Rxe3 28. Rxe3 Bxe3+ 29. Rxe3 Nxe3 30. Qxe3) 26... h5 $2 {[%emt 0:09:08] [#]} (26... Bxg3 $1 $11 {and Black has nothing to worry.} 27. hxg3 Qxg3) 27. Bb2 $1 $18 (27. Nxe3 $2 Bd4 28. Rfe1 Rxe3 29. Rxe3 Qe5 $19) 27... h4 28. Qc4 Bxb2 29. Nxb2 {[%emt 0:00:25] The board is on fire.} ({Don't play} 29. Qxg4 Bd4 30. Qxh4 a5) 29... Ne5 30. Qxh4 Rd2 31. Rxd2 (31. Rxe3 Rxb2 32. Qd4 Rc2 $11) 31... exd2 32. Qf4 ({Not} 32. Be4 Qd8 $18) 32... Qd7 $2 (32... Rd8 33. Rd1 Qe7) 33. Rd1 {[%emt 0:01:05] White is clearly winning.} Nf3+ (33... Qe6 $142 34. Rxd2 Qb3) 34. Bxf3 Re1+ 35. Kg2 {[%emt 0:00:17] Weighted Error Value: White=0.23 (precise) /Black=0.49} 1-0

[Event "Teplice Open 2022"]
[Site "Teplice"]
[Date "2022.06.21"]
[Round "4.4"]
[White "Yilmazyerli, Mert"]
[Black "Iniyan, P."]
[Result "1-0"]
[ECO "B43"]
[WhiteElo "2502"]
[BlackElo "2518"]
[Annotator "TA"]
[PlyCount "61"]
[EventDate "2022.06.18"]
[EventType "swiss"]
[EventCountry "CZE"]
[SourceTitle "playchess.com"]
[Source "ChessBase"]
[SourceQuality "1"]
[TimeControl "40/5400+30:1800+30"]

1. e4 c5 2. Nc3 a6 3. g3 b5 4. Bg2 Bb7 5. Nge2 e6 6. O-O Nf6 7. Re1 Qc7 8. d4 cxd4 9. Nxd4 d6 10. a4 bxa4 {[%emt 0:01:22] [#] B43: Sicilian: Kan Variation: 5 Nc3.} (10... Be7 $16) 11. Nd5 $1 {[%emt 0:04:54][%mdl 512] 11.Nd5 scores better than 11.Rxa4.} Nxd5 (11... exd5 12. exd5+ Kd8 13. Rxa4 $18) (11... Bxd5 12. exd5) 12. exd5 e5 {[%emt 0:00:03] White has a decisive advantage.} 13. c4 (13. Rxa4 Be7 14. Nf5 Bf8 $18) 13... Nd7 14. Qxa4 Be7 {[%emt 0:00:12] [#]} 15. Nf5 $146 ({Predecessor:} 15. Nc6 Nc5 16. Qa3 Bxc6 17. dxc6 O-O 18. b4 Ne6 19. Be3 Rab8 20. Reb1 d5 21. cxd5 {1-0 (37) Bakalchuk,J (2400)-Dzagnidze,N (2522) Caleta 2018}) 15... g6 16. Nxe7 Kxe7 17. Be3 {[%emt 0:00:18][%cal Oc4c5] Strongly threatening c5!} a5 (17... Rhc8 $142 18. c5 Nxc5 19. Qh4+ Ke8 20. Qxh7 Qe7) 18. c5 Nxc5 19. Rac1 f6 20. Bxc5 dxc5 21. d6+ {[%emt 0:01:50][%mdl 64] Decoy} Kxd6 22. Red1+ $1 ({Weaker is} 22. Qb3 Bxg2 23. Kxg2 Rab8 24. Red1+ Ke7 $17) 22... Ke7 {[%emt 0:00:43] [#]} 23. Rxc5 $3 Qxc5 24. Qd7+ Kf8 {[%emt 0:00:07] [#] And now ...Bxg2 would win.} 25. Rd6 $1 Ra6 (25... Qc1+ $18 26. Bf1 Qc6 27. Rxc6 Bxc6 28. Qxc6 Kg7 29. Qc7+ Kh6 30. Qc1+ Kg7 31. Qc7+ Kh6 32. Qc1+ Kg7 33. Qc7+) 26. Qd8+ {[%emt 0:02:07] White mates.} Kg7 {[%emt 0:00:06] [#]} 27. Qxf6+ $1 ({Less strong is} 27. Rd7+ Kh6 28. Qxh8 Bxg2 29. Qxh7+ Kg5 30. Kxg2 (30. Qh4+ Kf5 $11) 30... Qc2 $16) 27... Kh6 28. Qh4+ Kg7 29. Rd7+ Kg8 30. Bxb7 Re6 31. Bd5 {[%emt 0:00:51] Weighted Error Value: White=0.25 (precise) /Black=0.81} 1-0

[Event "Teplice Open 2022"]
[Site "Teplice"]
[Date "2022.06.21"]
[Round "4.5"]
[White "Kraus, Tomas"]
[Black "Sankalp Gupta"]
[Result "1/2-1/2"]
[ECO "E51"]
[WhiteElo "2472"]
[BlackElo "2505"]
[Annotator "RC"]
[PlyCount "61"]
[EventDate "2022.06.18"]
[EventType "swiss"]
[EventCountry "CZE"]
[SourceTitle "playchess.com"]
[Source "ChessBase"]
[SourceQuality "1"]
[TimeControl "40/5400+30:1800+30"]

1. d4 Nf6 2. c4 e6 3. Nc3 Bb4 4. e3 O-O 5. Bd2 d5 6. Nf3 b6 7. cxd5 exd5 8. Rc1 Bb7 9. Bd3 Be7 10. O-O c5 11. Ne5 Nc6 12. Be1 Bd6 13. f4 cxd4 14. Nb5 Bxe5 15. fxe5 Nxe5 16. exd4 Nxd3 17. Qxd3 Ba6 18. Bh4 Bxb5 19. Qxb5 Qe8 20. Qxe8 Raxe8 21. Bxf6 gxf6 22. Rc7 Re2 23. Rxa7 Rc8 24. Ra3 Rxb2 25. h3 Rcc2 26. Rg3+ Kf8 27. Rxf6 Rb1+ 28. Kh2 Rxa2 29. Rgf3 Ra7 30. Rd6 b5 31. Rxd5 1/2-1/2

[Event "Teplice Open 2022"]
[Site "Teplice"]
[Date "2022.06.21"]
[Round "4.6"]
[White "Kaasen, Tor Fredrik"]
[Black "Santos Latasa, Jaime"]
[Result "0-1"]
[ECO "B81"]
[WhiteElo "2461"]
[BlackElo "2672"]
[Annotator "TA"]
[PlyCount "64"]
[EventDate "2022.06.18"]
[EventType "swiss"]
[EventCountry "CZE"]
[SourceTitle "playchess.com"]
[Source "ChessBase"]
[SourceQuality "1"]
[TimeControl "40/5400+30:1800+30"]

1. e4 c5 2. Nf3 d6 3. d4 cxd4 4. Nxd4 Nf6 5. Nc3 a6 6. h3 e6 7. g4 h6 8. Bg2 Be7 {[%emt 0:00:34] B81: Sicilian Scheveningen: Keres Attack.} 9. h4 Nc6 10. g5 hxg5 {[%emt 0:00:30] The position is equal.} 11. hxg5 Rxh1+ 12. Bxh1 Nh7 13. Nxc6 bxc6 {[%emt 0:00:00] [#]} 14. f4 $146 (14. Qh5 $142 Nf8 15. Be3) ({Predecessor:} 14. Qh5 Nf8 15. Bd2 g6 16. Qh4 e5 17. O-O-O Ne6 18. Rg1 Rb8 19. b3 Qb6 20. Bf3 a5 21. Na4 Qd4 22. Bc3 Qa7 23. Bd2 Qd4 24. Bc3 Qa7 25. Bd2 {½-½ (25) Sethuraman,S (2638)-Zhou,J (2623) Tianjin 2020}) 14... Nf8 15. Qg4 Rb8 16. b3 e5 17. f5 Nh7 (17... g6 $14) 18. g6 $16 Nf6 19. gxf7+ Kxf7 20. Qe2 (20. Qg6+ $1 $16 Kf8 21. Bd2) 20... Qh8 $1 $15 21. Bf3 {[%emt 0:10:33] [#]} ({White should try} 21. Bg2 $15) 21... d5 $1 $36 {[%emt 0:03:44][%mdl 2048] White is under strong pressure.} 22. exd5 Bb4 23. Bd2 {[%emt 0:17:18] 0-0-0 is the strong threat.} Qh4+ {[%emt 0:01:49][%mdl 1024] Black has strong compensation.} 24. Kd1 (24. Qf2 $142 Qxf2+ 25. Kxf2 cxd5 26. Rd1) 24... Qd4 $19 25. Qc4 Qg1+ {[%emt 0:02:15][%mdl 64] Skewer} ({Weaker is} 25... Bxf5 26. Qxd4 (26. dxc6+ $2 Qxc4 27. bxc4 e4 $19) 26... exd4 27. Ne2 Nxd5 28. Nxd4 Nc3+ 29. Ke1 Re8+ 30. Kf1 Bh3+ 31. Bg2 Bxg2+ 32. Kxg2 $11) 26. Ke2 {[%emt 0:03:52] [#]} Qh2+ $1 ({Not} 26... Qxa1 27. dxc6+ Kf8 28. Nd5 Nxd5 29. c7 $11) 27. Ke1 Bxf5 {[%emt 0:03:04] Strongly threatening ...e4.} 28. dxc6+ Be6 {[%emt 0:00:06] Really sharp!} 29. Qf1 (29. Qe2 Qg1+ 30. Qf1) 29... Rd8 {[%emt 0:01:57][%csl Gd8][%cal Rh2d2] Black is clearly winning.} 30. Qg2 Qh4+ 31. Ke2 {[%emt 0:00:09] [#]} Rxd2+ $1 {[%emt 0:00:08][%mdl 576] Remove Defender, Decoy} 32. Kxd2 Bxc3+ {[%emt 0:00:06] Weighted Error Value: White=0.76/Black=0.06 (flawless)} 0-1

[Event "Teplice Open 2022"]
[Site "Teplice"]
[Date "2022.06.21"]
[Round "4.7"]
[White "Narayanan.S.L"]
[Black "Ghazarian, Kirk"]
[Result "1/2-1/2"]
[ECO "D44"]
[WhiteElo "2662"]
[BlackElo "2427"]
[Annotator "TA"]
[PlyCount "188"]
[EventDate "2022.06.18"]
[EventType "swiss"]
[EventCountry "CZE"]
[SourceTitle "playchess.com"]
[Source "ChessBase"]
[SourceQuality "1"]
[TimeControl "40/5400+30:1800+30"]

1. d4 d5 2. c4 e6 3. Nf3 Nf6 4. Nc3 c6 5. Bg5 dxc4 6. e4 b5 7. e5 h6 8. Bh4 g5 9. Bg3 Nd5 10. Nd2 Bb7 11. Nde4 Nd7 12. Be2 Nxc3 13. bxc3 c5 14. Bf3 Qb6 15. dxc5 Bxc5 16. O-O Rd8 (16... O-O-O $15 {is superior.} 17. Qe2 Bxe4 18. Qxe4 Be7) 17. Qe2 Be7 18. Nd6+ Bxd6 19. exd6 Bxf3 20. Qxf3 O-O 21. h4 Qc5 22. Rfe1 Qf5 23. Qd1 ({Better is} 23. Qc6 $11) 23... f6 (23... a5 $1 $15 {might be stronger.}) 24. a4 $11 a6 25. axb5 axb5 26. Ra7 Rf7 27. Rc7 Kg7 28. h5 Nf8 29. Qa1 {[%emt 0:07:28] [#]} (29. Qb1 $11 {remains equal.}) 29... e5 $1 $17 30. Qa6 Qe6 31. Qxb5 Rxd6 32. Rxc4 Rb6 33. Qc5 Nd7 34. Qc7 Nf8 (34... Rd6 $15 35. Qc8 Rd2) 35. Qc8 Qxc8 (35... Rd6 {looks sharper.} 36. Ra1 Rfd7 37. Ra8 Qf7) 36. Rxc8 Rbb7 37. c4 Rbc7 38. Rxc7 Rxc7 39. Rxe5 $1 Rxc4 40. Re7+ Kg8 41. Bd6 Rd4 42. Ba3 Nd7 43. f3 Rd3 44. Bb4 Rd4 45. Ba5 Rd5 46. Bc7 Nf8 47. Kf2 Rd7 48. Rxd7 Nxd7 49. f4 gxf4 50. Kf3 f5 51. Kxf4 Nf6 52. Kxf5 Nxh5 53. Kg6 $1 Ng7 54. Bf4 h5 55. Kf6 Ne8+ 56. Kg6 Ng7 57. Be5 Ne6 58. Kf6 Nd8 59. Bd6 Nf7 60. Bc5 Nd8 61. Bd6 Nf7 62. Bc7 Nh6 63. Kg6 (63. Kg5 $5 Nf7+ 64. Kxh5 $11) 63... Ng4 64. Bf4 Nf2 65. Kxh5 Kf7 66. Kg5 Ne4+ 67. Kf5 Nf6 68. Be5 Nd5 69. Bd4 Ne7+ 70. Kg5 Ng6 71. Bc5 Kg7 72. Bd6 Kh7 73. Bc7 Kg7 74. Bd8 Kf7 75. Bf6 $1 Nf8 76. Be5 Nd7 77. Bd4 Nf8 78. Kh6 Ng6 79. Kg5 Nf8 80. Bc3 Ng6 81. g3 Nf8 82. Be5 Ng6 83. Bd6 Kg7 84. Kf5 Kf7 85. Bc5 Nh8 86. g4 Ng6 87. Bd6 Nh4+ 88. Kg5 Ng6 89. Kh6 Nh4 90. Kh7 Ng6 91. g5 Nh4 92. Bg3 Ng6 $1 93. Bd6 Nh4 94. Bg3 Ng6 $1 1/2-1/2

[Event "Teplice Open 2022"]
[Site "Teplice"]
[Date "2022.06.21"]
[Round "4.8"]
[White "Seo, Jung Min"]
[Black "Berkes, Ferenc"]
[Result "1/2-1/2"]
[ECO "D37"]
[WhiteElo "2483"]
[BlackElo "2654"]
[Annotator "TA"]
[PlyCount "62"]
[EventDate "2022.06.18"]
[EventType "swiss"]
[EventCountry "CZE"]
[SourceTitle "playchess.com"]
[Source "ChessBase"]
[SourceQuality "1"]
[TimeControl "40/5400+30:1800+30"]

1. d4 Nf6 2. c4 e6 3. Nf3 d5 4. Nc3 Be7 5. Bf4 O-O 6. e3 Nbd7 7. c5 c6 8. Bd3 b6 9. b4 {[%emt 0:00:03] D37: Queen's Gambit Declined: 5 Bf4.} a5 10. a3 Ba6 {[%emt 0:00:00] [#] White must now prevent ...Bxd3.} 11. O-O Qc8 12. h3 Qb7 13. Re1 {[%emt 0:03:10] 13.Rb1 is setting a new trend.} Bxd3 14. Qxd3 Rfc8 15. Reb1 h6 16. Nd2 (16. Na4 {with more complications.} b5 17. Nc3 axb4 18. axb4 Bd8 19. Nd2) 16... axb4 17. axb4 Rxa1 18. Rxa1 {[%emt 0:00:05] [#]} bxc5 $146 ({Predecessor:} 18... Ra8 19. Qb1 Bd8 20. Rxa8 Qxa8 21. Qa2 Qb7 22. Qa4 b5 23. Qa3 Ne8 24. e4 dxe4 25. Ncxe4 {0-1 (93) Firouzja,A (2728)-Nakamura,H (2736) chess24.com INT 2020}) 19. bxc5 e5 20. Bg3 exd4 21. exd4 Nf8 22. Nf3 Ne6 {[%emt 0:00:34] The position is equal.} 23. Be5 Nd7 24. Bg3 Bf6 25. Rb1 {[%emt 0:01:33] Inhibits Qb4.} Qa7 26. Ne2 Qa4 27. Kh2 Ra8 28. Bd6 Qa2 29. Rb7 Ra7 30. Rxa7 Qxa7 31. Nf4 Nxf4 {[%emt 0:00:06] An interesting draw.  Weighted Error Value: White=0.04 (flawless) /Black=0.02 (flawless)} 1/2-1/2

[Event "Teplice Open 2022"]
[Site "Teplice"]
[Date "2022.06.21"]
[Round "4.9"]
[White "Wachinger, Nikolas"]
[Black "Kollars, Dmitrij"]
[Result "1/2-1/2"]
[ECO "B31"]
[WhiteElo "2401"]
[BlackElo "2635"]
[Annotator "TA"]
[PlyCount "101"]
[EventDate "2022.06.18"]
[EventType "swiss"]
[EventCountry "CZE"]
[SourceTitle "playchess.com"]
[Source "ChessBase"]
[SourceQuality "1"]
[TimeControl "40/5400+30:1800+30"]

1. e4 c5 2. Nf3 Nc6 3. Bb5 g6 4. O-O Bg7 5. c3 Nf6 6. Re1 O-O 7. d4 d5 $1 {[%emt 0:00:10][%mdl 4] now scores much better than the old 7...cxd4.} 8. e5 Ne4 9. Be3 {[%emt 0:00:19] B31: Sicilian: 2...Nc6 3 Bb5 g6.} Qb6 10. Bxc6 bxc6 11. Qc1 c4 12. Nbd2 Nxd2 13. Nxd2 Bf5 14. b3 Bd3 15. Qa3 {[%emt 0:01:15] [#]} e6 $146 ({Predecessor:} 15... Rfe8 16. Qa4 Qb5 17. Qxb5 cxb5 18. a4 b4 19. Rec1 Rec8 20. bxc4 dxc4 21. cxb4 e6 {0-1 (50) Alekseev,E (2626)-Vokhidov,S (2512) Chess.com INT 2020}) 16. bxc4 dxc4 17. d5 Qd8 18. dxe6 fxe6 19. Bc5 Rf5 20. Bd6 Bf8 21. Ne4 Rxe5 22. Nf6+ Kf7 23. Bxf8 (23. Rxe5 $2 {is the wrong capture.} Bxd6 24. Qa5 Bxe5 25. Qxe5 Qxf6 $19) 23... Ra5 $36 {[%emt 0:00:46][%mdl 2048] Black is pushing.} 24. Qd6 Qxd6 25. Bxd6 {[%emt 0:00:03] Strongly threatening Ng4.} Kxf6 26. a4 Rd5 27. Bc7 e5 28. f4 {[%emt 0:00:09] [#]} e4 $1 29. Ra2 Kf5 ({Better is} 29... Ke6 $17) 30. Kf2 (30. Rb2 $11) 30... Rd7 $17 31. Be5 g5 (31... Rb7 $15) 32. g4+ $1 $11 Ke6 33. Ke3 Rf8 34. Rf2 c5 35. h4 gxf4+ 36. Bxf4 Rb7 37. h5 Rb3 38. Rc1 Ra3 39. g5 Rxa4 (39... Rf5 $11 {keeps the balance.}) 40. g6 $16 hxg6 41. hxg6 Rg8 {[%emt 0:03:30] [#]} 42. Rg1 ({White should try} 42. Rg2 $1 $16) 42... Ra3 $11 {[%emt 0:07:36] The position is equal.} 43. g7 {[%emt 0:00:10] Threatens to win with Rg6+.} Rxc3 44. Rg6+ Kf7 45. Be5+ Kxg6 46. Bxc3 {[%emt 0:00:07] KRB-KRB} a5 47. Ra2 a4 48. Rg2+ Kf7 49. Rf2+ Kg6 50. Rg2+ Kf7 51. Rf2+ {[%emt 0:00:07] Weighted Error Value: White=0.07 (flawless) /Black=0.10 (very precise)} 1/2-1/2

[Event "Teplice Open 2022"]
[Site "Teplice"]
[Date "2022.06.21"]
[Round "4.10"]
[White "Umetsubo, Cesar Hidemitsu"]
[Black "Azarov, Sergei"]
[Result "0-1"]
[ECO "E32"]
[WhiteElo "2409"]
[BlackElo "2588"]
[Annotator "TA"]
[PlyCount "78"]
[EventDate "2022.06.18"]
[EventType "swiss"]
[EventCountry "CZE"]
[SourceTitle "playchess.com"]
[Source "ChessBase"]
[SourceQuality "1"]
[TimeControl "40/5400+30:1800+30"]

1. d4 Nf6 2. c4 e6 3. Nc3 Bb4 4. Qc2 O-O 5. a3 Bxc3+ 6. Qxc3 d6 {[%emt 0:00:39] 6...d5 is setting a new trend.} 7. Bg5 Nbd7 8. f3 {[%emt 0:02:54] E32: Nimzo-Indian: Classical (4 Qc2): 4...0-0.} b6 (8... h6 $5 9. Bxf6 Qxf6 $11) 9. e4 {[%emt 0:02:43] Threatening e5.} c5 10. Nh3 {[%emt 0:05:09] The position is equal.} Ba6 11. dxc5 {[%emt 0:11:56] [#]} bxc5 $146 ({Predecessor:} 11... Nxc5 12. Rd1 e5 13. Qd2 Rc8 14. Be3 Ne6 15. b3 Rc6 16. Be2 Nh5 17. O-O Qf6 {½-½ (30) Kiriakov,P (2552)-Nisipeanu,L (2610) Dubai 2002}) 12. Rd1 Qb6 13. Bf4 e5 (13... d5 {with more complications.} 14. Qc2 e5 15. Be3 d4) 14. Bc1 Rfb8 15. Bd3 Nf8 16. f4 Qb3 17. Qxb3 Rxb3 18. f5 $1 {[%emt 0:02:47] Inhibits Ne6.} N8d7 19. Bc2 Rb6 20. b3 Bb7 ({Better is} 20... Nb8 $15) 21. Nf2 $11 Ne8 22. Ng4 Nef6 (22... Nb8 $5 ) 23. Nf2 a5 24. Be3 Ne8 (24... a4 $5 25. b4 cxb4 26. Bxb6 Nxb6 $15) 25. g4 Nb8 26. Rd3 Nc6 27. Bd1 (27. g5 {is interesting.} Nd4 28. Kd2 Nc7 29. h4) 27... Nd4 28. g5 a4 29. bxa4 {[%emt 0:00:40] [#]} (29. b4 $1 $15 {might be stronger.}) 29... Bc6 $1 $17 30. O-O Bxa4 {[%emt 0:00:43] Black is more active.} 31. Bxd4 cxd4 32. f6 (32. Rg3 $17 {was worth a try.}) 32... Bxd1 $19 (32... gxf6 33. Rg3 Bxd1 34. gxf6+ Kh8 35. Nxd1) 33. Nxd1 Nc7 34. fxg7 Ne6 ({Inferior is} 34... Kxg7 35. Rdf3 Rf8 36. h4 $17) 35. Rf6 (35. Nf2 $142) 35... Rb1 ({Not} 35... Nxg7 36. c5 Rb1 37. cxd6 $15) ({Don't blunder} 35... Nxg5 $2 36. Nf2 $19) 36. Kg2 $2 (36. Rf1) 36... Nc5 {[%emt 0:02:08][%mdl 64] [#] Deflection. Black is clearly winning.} 37. Rdf3 Rxd1 38. Rxf7 Ne6 {[%emt 0:01:02] And now ...Nf4+ would win.} 39. R3f6 Rd2+ {[%emt 0:00:09] Weighted Error Value: White=0.37/Black=0.09 (flawless)} 0-1